 Dungeon Crawl Stone Soup version 0.25-a0-528-g6b7c99946c (webtiles) character file.

Game seed: 9499138131131793377, levelgen mode: deterministic

15 Esekla the Magician (level 2, -2/15 HPs)
             Began as a Deep Elf Wizard on Feb 19, 2020.
             Was an Initiate of Elyvilon.
             Slain by a hobgoblin (5 damage)
             ... on level 2 of the Dungeon.
             The game lasted 00:03:57 (519 turns).

Esekla the Magician (Deep Elf Wizard)                Turns: 519, Time: 00:03:58

Health: -2/15      AC:  2    Str:  4    XL:     2   Next: 34%
Magic:  0/10       EV: 13    Int: 22    God:    Elyvilon [......]
Gold:   3          SH:  0    Dex: 13    Spells: 10/11 levels left

rFire    . . .     SeeInvis .   h - +0 short sword
rCold    . . .     Gourm    .   (no shield)
rNeg     . . .     Faith    .   a - +0 robe
rPois    .         Spirit   .   b - +0 hat
rElec    .         Reflect  .   (no cloak)
rCorr    .         Harm     .   (no gloves)
MR       .....                  (no boots)
Stlth    ++........             (no amulet)
HPRegen  0.05/turn              (no ring)
MPRegen  0.12/turn              (no ring)

@: very slightly contaminated
A: no striking features
a: Renounce Religion


You were on level 2 of the Dungeon.
You worshipped Elyvilon.
Elyvilon was noncommittal.
You were not hungry.

You visited 1 branch of the dungeon, and saw 2 of its levels.

You collected 3 gold pieces.

Inventory:

Hand Weapons
 h - a +0 short sword (weapon)
Armour
 a - a +0 robe (worn)
 b - a +0 hat (worn)
Scrolls
 c - a scroll of magic mapping {unknown}
 e - a scroll of enchant armour {unknown}
 g - 3 scrolls of identify {unknown}
Potions
 f - a potion of curing {unknown}
Comestibles
 d - a ration


   Skills:
 * Level 2.5 Dodging
 + Level 2.4 Stealth
 * Level 5.3 Spellcasting
 + Level 1.1 Conjurations
   Level 1.1 Summonings
   Level 1.1 Translocations


You had 10 spell levels left.
You knew the following spells:

 Your Spells              Type           Power        Failure   Level  Hunger
a - Magic Dart            Conj           ##..         6%          1    None

Your spell library contained the following spells:

 Spells                   Type           Power        Failure   Level  Hunger
 Blink                    Tloc           N/A          10%         2    None
 Call Imp                 Summ           ##......     10%         2    None
 Slow                     Hex            #.......     16%         2    None
 Conjure Flame            Conj/Fire      #.......     24%         3    ##.....
 Mephitic Cloud           Conj/Pois/Air  #.......     26%         3    ##.....


Dungeon Overview and Level Annotations

Branches:
Dungeon (2/15)

Altars:
Elyvilon
Wu Jian


Message History

Casting: Magic Dart (safe; 6% risk of failure)
Confirm with . or Enter, or press ? or * to list all spells.
Aiming: Magic Dart (safe; 6% risk of failure)
Press: ? - help, Shift-Dir - straight line, f/p - hobgoblin
Aim: a hobgoblin (severely wounded)
The magic dart hits the hobgoblin.
You kill the hobgoblin!
h - a +0 short sword (weapon)
The kobold barely misses you.
You closely miss the kobold. The kobold barely misses you.
You hit the kobold.
You kill the kobold!
You hit the hobgoblin.
The hobgoblin is moderately wounded.
The hobgoblin hits you.
* * * LOW HITPOINT WARNING * * *
You hit the hobgoblin.
The hobgoblin is severely wounded.
The hobgoblin hits you.
You die...

#.........#
##........#
#......##...
#.....####..
#.....#≈_#...
#.....##.# ..
#...lg.'l#
###†#.##g#
#...#≈@#
########


You could see a hobgoblin and a frilled lizard.

Vanquished Creatures
  An adder (D:2)
  2 bats (D:1)
  A hobgoblin (D:2)
  2 kobolds
6 creatures vanquished.

Notes
Turn   | Place    | Note
-------+----------+-------------------------------------------
     0 | D:1      | Esekla the Deep Elf Wizard began the quest for the Orb.
     0 | D:1      | Reached XP level 1. HP: 10/10 MP: 7/7
   500 | D:2      | Reached skill level 5 in Spellcasting
   500 | D:2      | Reached XP level 2. HP: 13/15 MP: 5/10
   504 | D:2      | Found a white marble altar of Elyvilon.
   504 | D:2      | Found an ornate altar of the Wu Jian Council.
   507 | D:2      | Became a worshipper of Elyvilon the Healer
   519 | D:2      | Slain by a hobgoblin

Levels and vault maps discovered:
D:1:      kilobyte_arrival_exit_the_forest, layout_basic, minmay_pentomino_w4
D:2:      layout_rooms, gammafunk_temple_overflow_elements, marbit_many_paths,
          minmay_ruptured

Skill      XL: |  1 |
---------------+----+-----
Spellcasting   | 5 |  5.3
Dodging        | |  2.5
Stealth        | |  2.4
Conjurations   | |  1.1
Summonings     | |  1.1
Translocations | |  1.1

Action                   || total
-------------------------++-------
Melee: Short sword       ||     4
 Cast: Magic Dart        ||    19
Armor: Robe              ||     2
Dodge: Dodged            ||    19

Table legend:
 A = Non-vault XP
 B = Vault XP
 C = Vault XP percentage of total XP
 D = Non-vault monster count
 E = Vault monster count
 F = Vault count percentage of total count
                 A         B        C        D         E       F
            +---------+---------+-------+---------+---------+-------
      Total |      18 |       4 |  18.2 |       4 |       2 |  33.3
            +---------+---------+-------+---------+---------+-------
        D:1 |       3 |       2 |  40.0 |       2 |       1 |  33.3
        D:2 |      15 |       2 |  11.8 |       2 |       1 |  33.3
            +---------+---------+-------+---------+---------+-------
